 Dungeon Crawl Stone Soup version bcrawl-1.18.1 (webtiles) character file.

Game seed: 4016686731447939899

848 Morbidden the Archer (level 7, -2/59 HPs)
             Began as a Centaur Hunter on Nov 7, 2019.
             Shot with an arrow by a centaur (6 damage)
             ... on level 5 of the Dungeon.
             The game lasted 00:05:29 (3366 turns).

Morbidden the Archer (Centaur Hunter)               Turns: 3366, Time: 00:05:29

Health: -2/59      AC:  7    Str: 17    XL:     7   Next: 69%
Magic:  7/7        EV:  5    Int: 10    God:
Gold:   364        SH:  0    Dex: 13    Spells: 6/6 levels left

rFire    + . .     SeeInvis .   a - +2 shortbow
rCold    . . .     Gourm    .   (shield currently unavailable)
rNeg     . . .     Faith    .   w - +0 chain mail
rPois    .         Spirit   .   (no helmet)
rElec    .         Reflect  .   (no cloak)
rCorr    .         Harm     .   (no gloves)
MR       .....                  (no barding)
Stlth    ..........             (no amulet)
HPRegen  0.19/turn              n - +4 ring of dexterity
MPRegen  0.10/turn              s - ring of protection from fire

@: very quick
A: large, hooves 3, deformed body, speed 2, tough skin 3
a: no special abilities


You were on level 5 of the Dungeon.
You were not hungry.

You visited 1 branch of the dungeon, and saw 5 of its levels.

You collected 364 gold pieces.

Inventory:

Hand Weapons
 a - a +2 shortbow (weapon)
 b - a +0 short sword
Missiles
 d - 480 arrows (quivered)
Armour
 w - a +0 chain mail (worn)
Jewellery
 n - a +4 ring of dexterity (left hand)
 s - a ring of protection from fire (right hand)
Scrolls
 c - 6 scrolls of identify
 g - a scroll of amnesia {unknown}
 k - a scroll of immolation {unknown}
 l - a scroll of enchant armour {unknown}
 m - 3 scrolls of remove curse
 r - 3 scrolls of enchant weapon {unknown}
 t - a scroll of noise {unknown}
 u - 2 scrolls of fog {unknown}
Potions
 e - 3 potions of degeneration {unknown}
 h - 5 potions of curing {unknown}
 i - a potion of invisibility {unknown}
 j - 2 potions of flight {unknown}
 o - a potion of haste {unknown}
 p - 2 potions of lignification {unknown}
 q - 2 potions of berserk rage {unknown}
Comestibles
 f - 6 rations {!d}
 v - a chunk of flesh


   Skills:
 * Level 4.3 Fighting
 * Level 10.9 Bows
 + Level 0.7 Armour
 + Level 1.6 Dodging
 + Level 1.0 Stealth


You had 6 spell levels left.
You didn't know any spells.
Your spell library contained the following spells:

 Spells                   Type           Power        Failure   Level  Hunger
 Magic Dart               Conj           #...         100%        1    ##.....
 Blink                    Tloc           N/A          100%        2    ###....
 Call Imp                 Summ           #.....       100%        2    ###....
 Conjure Flame            Conj/Fire      #.......     100%        3    ####...
 Mephitic Cloud           Conj/Pois/Air  #.......     100%        3    ####...
 Spider Form              Tmut/Pois      #..          100%        3    ####...


Dungeon Overview and Level Annotations

Branches:
Dungeon (5/12)
 Temple: D:4-7

Altars:
Dithmenos
Fedhas
Kikubaaqudgha
Trog
The Shining One


Innate Abilities, Weirdness & Mutations

You have hooves in place of feet.
Armour fits poorly on your strangely shaped body.
You cover ground very quickly.
You have extremely tough skin. (AC +3)


Message History

Things that are here:
a +0 shortbow; a centaur corpse You start resting.
The centaur is too close now for your liking.
An orc comes into view. It is wielding a +0 club.
The centaur shouts!
The orc shouts!
The centaur wields a +0 shortbow.
The centaur shoots an arrow.
The arrow hits you!
* * * LOW HITPOINT WARNING * * *
You hear a shout!
Things that are here:
a +0 shortbow; a centaur corpse Unknown command.
A quokka comes into view.
The orc sings a few bars from the Orcish anthem.
The centaur shoots an arrow.
The arrow hits you.
* * * LOW HITPOINT WARNING * * *
There is a stone staircase leading up here.
The centaur shoots an arrow.
The arrow hits you.
You die...

######## #......#
#......# #......#
#......#
#########......#
##............@.#
###..#######......#
.........###......#
...).....#........#
.........#........#
.........#.......##
........<####..###
.........####c.#
.........##...##


You could see a centaur.

Vanquished Creatures
  A water moccasin (D:5)
  A phantom (D:3)
  An ogre (D:4)
  2 centaurs (D:5)
  A centaur zombie (D:5)
  A centaur skeleton (D:5)
  A hound (D:5)
  A bullfrog skeleton (D:3)
  3 orc wizards (D:3)
  A hound skeleton (D:5)
  A worker ant zombie (D:5)
  6 adders
  A howler monkey skeleton (D:4)
  A shadow imp (D:5)
  An ooze (D:5)
  An adder skeleton (D:4)
  3 worms
  2 dart slugs (D:2)
  4 leopard geckos
  15 orcs
  6 giant cockroaches
  5 goblins
  7 hobgoblins
  4 jackals
  4 kobolds
  3 quokkas
  3 ball pythons
  10 bats
  A frilled lizard (D:4)
  A quokka skeleton (D:4)
  5 rats
97 creatures vanquished.

Notes
Turn   | Place    | Note
-------+----------+-------------------------------------------
     0 | D:1      | Morbidden the Centaur Hunter began the quest for the Orb.
     0 | D:1      | Reached XP level 1. HP: 17/17 MP: 1/1
   335 | D:1      | Reached XP level 2. HP: 24/24 MP: 2/2
   412 | D:1      | Reached skill level 6 in Bows
   931 | D:2      | Found a blossoming altar of Fedhas.
   952 | D:2      | Reached XP level 3. HP: 29/29 MP: 3/3
  1291 | D:2      | Reached skill level 7 in Bows
  1577 | D:3      | Reached XP level 4. HP: 36/36 MP: 4/4
  1772 | D:3      | Found an ancient bone altar of Kikubaaqudgha.
  1811 | D:3      | Noticed a phantom
  1839 | D:3      | Killed a phantom
  1839 | D:3      | Reached skill level 8 in Bows
  1839 | D:3      | Reached XP level 5. HP: 20/45 MP: 5/5
  2190 | D:3      | Reached XP level 6. HP: 51/51 MP: 6/6
  2195 | D:3      | Reached skill level 9 in Bows
  2564 | D:4      | Found a bloodstained altar of Trog.
  2564 | D:4      | Found a glowing golden altar of the Shining One.
  2582 | D:4      | Found a shadowy altar of Dithmenos.
  3003 | D:5      | Entered Level 5 of the Dungeon
  3016 | D:5      | Noticed a water moccasin
  3033 | D:5      | Killed a water moccasin
  3033 | D:5      | Reached skill level 10 in Bows
  3033 | D:5      | Reached skill level 1 in Stealth
  3033 | D:5      | Reached XP level 7. HP: 31/57 MP: 7/7
  3366 | D:5      | Shot with an arrow by a centaur

Skill      XL: |  1  2  3  4  5  6  7 |
---------------+----------------------+-----
Bows           | 6 7 8 10 | 10.9
Fighting       | 3 4 |  4.3
Stealth        | 1 |  1.0
Armour         | |  0.7
Dodging        | |  1.6

Action                   |  1- 3 |  4- 6 |  7- 9 || total
-------------------------+-------+-------+-------++-------
 Fire: Shortbow          |    91 |   140 |    57 ||   288
  Use: Scroll            |       |     2 |       ||     2
  Eat: Chunk             |     1 |     3 |     1 ||     5
Armor: Robe              |     6 |     4 |       ||    10
       Chain mail        |       |     8 |     9 ||    17
Dodge: Dodged            |    12 |    12 |     7 ||    31
